 Dungeon Crawl Stone Soup version 0.26-a0-154-g3d63440f56 (webtiles) character file.

Game seed: 8139150025525672257

5081 Gargoyl the Chopper (level 10, -10/83 HPs)
             Began as a Centaur Abyssal Knight on July 1, 2020.
             Was a Priest of Lugonu.
             Mangled by a large abomination (27 damage)
             ... on level 1 of the Abyss on July 2, 2020.
             The game lasted 00:16:27 (11561 turns).

Gargoyl the Chopper (Centaur Abyssal Knight)       Turns: 11561, Time: 00:16:28

Health: -10/83     AC: 18    Str: 15    XL:     10   Next: 31%
Magic:  15/15      EV:  6    Int: 11    God:    Lugonu [***...]
Gold:   412        SH:  7    Dex: 12    Spells: 9/9 levels left

rFire    + . .     SeeInvis .   a - +5 hand axe
rCold    . . .     Faith    .   k - +3 warlock's mirror {reflect}
rNeg     . . .     Spirit   .   F - +0 chain mail {rF+}
rPois    +         Reflect  +   x - +0 helmet
rElec    .         Harm     .   f - +0 cloak
rCorr    .                      d - +1 pair of gloves
MR       .....                  (no barding)
Stlth    ..........             s - amulet of the acrobat
HPRegen  0.23/turn              p - ring of poison resistance
MPRegen  0.14/turn              C - +4 ring of protection

@: very quick
A: large, hooves 3, deformed body, speed 2, tough skin 3
a: Depart the Abyss, Bend Space, Banish, Renounce Religion


You were on level 1 of the Abyss.
You worshipped Lugonu.
Lugonu was most pleased with you.
You were not hungry.

You visited 1 branch of the dungeon, and saw 8 of its levels.
You visited the Abyss 4 times.

You collected 632 gold pieces.
You spent 220 gold pieces at shops.

Inventory:

Hand Weapons
 a - a +5 hand axe (weapon)
Missiles
 o - 5 boomerangs (quivered)
Armour
 d - a +1 pair of gloves (worn)
 f - a +0 cloak (worn)
 k - the +3 warlock's mirror (worn) {reflect}
   (You found it on level 4 of the Dungeon)
 x - a +0 helmet (worn)
 F - a +0 chain mail of fire resistance (worn)
 G - a +2 plate armour of cold resistance
Jewellery
 j - an uncursed ring of protection from cold
 p - a ring of poison resistance (left hand)
 s - an amulet of the acrobat (around neck)
 C - a +4 ring of protection (right hand)
Wands
 e - a wand of enslavement (5)
 y - a wand of polymorph (9)
 B - a wand of paralysis (7)
Scrolls
 h - 3 scrolls of identify
 l - 2 scrolls of blinking
 r - 4 scrolls of teleportation
 w - 2 scrolls of remove curse
 A - a scroll of fear
 H - a scroll of magic mapping
Potions
 b - a potion of might
 g - 3 potions of lignification
 i - a potion of haste
 m - a potion of invisibility
 n - a potion of heal wounds
 q - a potion of brilliance {unknown}
 t - 2 potions of flight {unknown}
 u - a potion of ambrosia {unknown}
 v - 2 potions of mutation {unknown}
 z - a potion of curing {unknown}
 D - a potion of cancellation {unknown}
Comestibles
 c - 20 rations
 E - a chunk of flesh


   Skills:
 + Level 5.8 Fighting
 + Level 7.0 Axes
 + Level 1.5 Throwing
 * Level 6.5 Armour
 * Level 4.3 Dodging
 + Level 2.4 Shields
 * Level 6.8 Invocations


You had 9 spell levels left.
You didn't know any spells.
Your spell library contained the following spells:

 Spells                   Type           Power        Failure   Level  Hunger
 Animate Skeleton         Necr           N/A          99%         1    ##.....
 Apportation              Tloc           #.....       99%         1    ##.....
 Beastly Appendage        Tmut           #.....       99%         1    ##.....
 Corona                   Hex            #......      99%         1    ##.....
 Summon Small Mammal      Summ           #...         99%         1    ##.....
 Sticks to Snakes         Tmut           #.......     100%        2    ###....
 Spider Form              Tmut/Pois      #.........   100%        3    ####...
 Ice Form                 Ice/Tmut       #.......     100%        4    #####..
 Blade Hands              Tmut           #.........   100%        5    ######.


Dungeon Overview and Level Annotations

Branches:
Dungeon (8/15)             Temple (0/1) D:4            Lair (0/6) D:8

Altars:
Ashenzari
Ru
The Shining One

Shops:
D:4 =

Portals:
Abyss: D:7


Innate Abilities, Weirdness & Mutations

You have hooves in place of feet.
Armour fits poorly on your strangely shaped body.
You cover ground very quickly.
You have extremely tough skin. (AC +3)


Message History

You block the large abomination's attack.
You hit the large abomination but do no damage.
The large abomination is severely damaged.
You block the large abomination's attack.
You hit the large abomination.
You kick the large abomination, but do no damage.
The large abomination is almost destroyed.
The large abomination hits you!
You barely miss the large abomination.
The large abomination is almost destroyed.
The large abomination hits you but does no damage.
You hit the large abomination but do no damage.
You kick the large abomination, but do no damage.
The large abomination is almost destroyed.
The large abomination hits you!!
* * * LOW HITPOINT WARNING * * *
You hit the large abomination.
The large abomination is almost destroyed.
The large abomination hits you!!
You die...

# #........#
. # ## . # .#
#..#..# ##.
#...##.... #
# .####.# #.
#.
......##.#.
........#Z# .
.........#X#
#
.........@#.#
...........##
.......#.##
.......#### .
...#. ......
.####


You could see a large abomination and an iron dragon zombie.

Vanquished Creatures
  A smoke demon (Abyss:1)
  An elephant (D:8)
  A hippogriff (D:8)
  An ice beast (D:5)
  2 orc warriors
  3 phantoms
  A black bear (D:6)
  A necrophage (D:6)
  5 ogres
  2 centaurs
  2 crocodiles
  2 big kobolds (D:7)
  3 bullfrogs (D:7)
  A gnoll sergeant (D:8)
  3 scorpions
  A wyvern skeleton (D:8)
  4 wights (D:8)
  A howler monkey (D:5)
  2 crimson imps
  A jelly (D:7)
  4 hounds
  3 orc priests
  3 centaur skeletons
  7 orc wizards
  An iguana (D:4)
  An iron imp (Abyss:1)
  Terence (D:2)
  A bullfrog skeleton (D:6)
  2 worker ants
  4 small abominations (D:7)
  A hound zombie (D:6)
  A hound skeleton (D:6)
  16 gnolls
  7 adders
  A shadow imp (D:8)
  2 oozes (D:3)
  An adder zombie (D:8)
  A worm (D:3)
  A leopard gecko (D:2)
  18 orcs
  7 bats
  4 giant cockroaches
  6 hobgoblins
  8 jackals
  6 quokkas
  6 frilled lizards
  6 goblins
  16 kobolds
  4 rats
177 creatures vanquished.

Vanquished Creatures (others)
  The ghost of Sensen the Fighter, a novice MiBe of Trog (D:7)
  2 electric eels (D:8)
  An orc priest (D:8)
4 creatures vanquished.

Grand Total: 181 creatures vanquished

Notes
Turn   | Place    | Note
-------+----------+-------------------------------------------
     0 | Abyss:1  | Gargoyl the Centaur Abyssal Knight began the quest for the
                  | Orb.
     0 | Abyss:1  | Reached XP level 1. HP: 19/19 MP: 2/2
    33 | Abyss:1  | Found a corrupted altar of Lugonu.
   136 | Abyss:1  | Found a corrupted altar of Lugonu.
   178 | Abyss:1  | Found a corrupted altar of Lugonu.
   215 | Abyss:1  | Found a corrupted altar of Lugonu.
   230 | Abyss:1  | Noticed a flying skull
   254 | D:1      | Escaped the Abyss
  1003 | D:1      | Reached XP level 2. HP: 8/26 MP: 3/3
  1393 | D:1      | Reached skill level 2 in Axes
  1458 | D:2      | Reached * piety under Lugonu
  1465 | D:2      | Reached skill level 1 in Dodging
  1480 | D:2      | Noticed Terence
  1496 | D:2      | Killed Terence
  1496 | D:2      | Reached XP level 3. HP: 22/31 MP: 4/4
  1812 | D:2      | Reached XP level 4. HP: 28/38 MP: 5/5
  2722 | D:3      | Reached ** piety under Lugonu
  2782 | D:3      | Reached XP level 5. HP: 37/45 MP: 6/6
  2959 | D:3      | Found a glowing golden altar of the Shining One.
  3038 | D:4      | Found a staircase to the Ecumenical Temple.
  3173 | D:4      | Found the +3 warlock's mirror {reflect}
  3180 | D:4      | Found Jukh's Jewellery Shop.
  3185 | D:4      | Reached skill level 3 in Axes
  3381 | D:4      | Bought an uncursed ring of poison resistance for 220 gold
                  | pieces
  3468 | D:4      | Found a sacrificial altar of Ru.
  3566 | D:4      | Reached XP level 6. HP: 48/52 MP: 8/8
  3659 | D:5      | Entered Level 5 of the Dungeon
  4737 | D:5      | Reached XP level 7. HP: 36/59 MP: 9/9
  5157 | D:5      | Reached skill level 4 in Axes
  5276 | D:5      | Reached *** piety under Lugonu
  5392 | D:5      | Found a shattered altar of Ashenzari.
  5545 | D:6      | Got a jewelled cloak
  5586 | D:5      | Identified the cursed -6 cloak of Ybbiej {rF+} (You found
                  | it on level 6 of the Dungeon)
  5644 | D:6      | Reached XP level 8. HP: 65/66 MP: 11/11
  5994 | D:6      | Reached skill level 1 in Shields
  6381 | D:7      | Reached skill level 5 in Axes
  6385 | D:7      | Reached skill level 5 in Invocations
  6443 | D:7      | Reached skill level 1 in Throwing
  6766 | D:7      | Found a transporter.
  6772 | D:7      | Reached skill level 5 in Armour
  7137 | D:7      | Found a one-way gate to the infinite horrors of the Abyss.
  7137 | D:7      | Noticed Sensen's ghost (novice MiBe)
  7146 | D:7      | Found a transporter.
  7294 | D:7      | Reached XP level 9. HP: 38/73 MP: 12/12
  7779 | D:7      | Banished Sensen's ghost
  7779 | D:7      | Reached skill level 5 in Fighting
  7779 | D:7      | Reached skill level 6 in Axes
  8016 | D:7      | Voluntarily entered the Abyss.
  8034 | Abyss:1  | Noticed a smoke demon
  8048 | Abyss:1  | Killed a smoke demon
  8085 | D:7      | Escaped the Abyss
  8319 | D:7      | Voluntarily entered the Abyss.
  8399 | Abyss:1  | Noticed a large abomination
  8409 | D:7      | Escaped the Abyss
  9053 | D:8      | Found a staircase to the Lair.
  9053 | D:8      | Noticed an elephant
  9359 | D:7      | Reached XP level 10. HP: 81/81 MP: 14/14
  9483 | D:8      | Killed an elephant
 11304 | D:8      | Reached skill level 7 in Axes
 11462 | D:7      | Voluntarily entered the Abyss.
 11535 | Abyss:1  | Noticed a large abomination
 11561 | Abyss:1  | Mangled by a large abomination

Illustrated notes

Levels and vault maps discovered:
D:1:      nzn_arrival_settlement, layout_loops_ring, dk_noncrumbling_3
D:2:      cheibrodos_old_hovel, layout_basic, uniq_terence
D:3:      layout_rooms, tso_altar, first_ration
D:4:      layout_loops_ring, minmay_temple_entry_slanted, serial_shops,
          kennysheep_mini, nicolae_ru_the_path_less_chosen
D:5:      layout_cave_pools, nicolae_ossuary_entry_plus,
          nicolae_ashenzari_panopticon
D:6:      layout_rooms
D:7:      layout_basic, gammafunk_ghost_abyssal_escape, grunt_ogre_cave
D:8:      layout_basic, david_lair_generic
Abyss:1:  base: D:4, base: D:2, base: D:7, minivault_25_ag

Skill      XL: |  1  2  3  4  5  6  7  8  9 10 |
---------------+-------------------------------+-----
Axes           | 2 3 4 5 6 7 |  7.0
Dodging        | 1 2 3 4 |  4.3
Armour         | 2 3 4 5 6 |  6.5
Invocations    | 3 4 5 6 |  6.8
Fighting       | 4 5 |  5.8
Shields        | 1 2 |  2.4
Throwing       | 1 |  1.5

Action                   |  1- 3 |  4- 6 |  7- 9 | 10-12 || total
-------------------------+-------+-------+-------+-------++-------
Melee: Hand axe          |    77 |   187 |   298 |   156 ||   718
       Kick              |     9 |    42 |    81 |    53 ||   185
Throw: Boomerang         |       |       |     8 |     1 ||     9
Invok: Depart the Abyss  |     1 |       |     2 |       ||     3
       Banish            |       |       |     1 |     2 ||     3
Evoke: Wand              |       |       |       |     1 ||     1
  Use: Scroll            |     2 |     9 |     9 |       ||    20
  Eat: Chunk             |     2 |     8 |     9 |     5 ||    24
       Ration            |       |       |     2 |       ||     2
Armor: Chain mail        |    49 |   144 |   183 |    70 ||   446
Dodge: Dodged            |    24 |    36 |    65 |    35 ||   160
Block: Buckler           |       |    20 |   106 |    57 ||   183
       Reflection        |       |     1 |     5 |     7 ||    13

Table legend:
 A = Non-vault XP
 B = Vault XP
 C = Vault XP percentage of total XP
 D = Non-vault monster count
 E = Vault monster count
 F = Vault count percentage of total count
                 A         B        C        D         E       F
            +---------+---------+-------+---------+---------+-------
      Total |    4921 |    2338 |  32.2 |     168 |      13 |   7.2
            +---------+---------+-------+---------+---------+-------
        D:1 |      27 |       0 |   0.0 |      16 |       0 |   0.0
        D:2 |      56 |      40 |  41.7 |      20 |       2 |   9.1
        D:3 |      93 |       0 |   0.0 |      23 |       0 |   0.0
        D:4 |     388 |       0 |   0.0 |      21 |       0 |   0.0
        D:5 |     697 |       0 |   0.0 |      18 |       0 |   0.0
        D:6 |     803 |       0 |   0.0 |      13 |       0 |   0.0
        D:7 |    1049 |    1471 |  58.4 |      26 |       8 |  23.5
        D:8 |    1314 |     827 |  38.6 |      29 |       3 |   9.4
    Abyss:1 |     494 |       0 |   0.0 |       2 |       0 |   0.0
            +---------+---------+-------+---------+---------+-------
